[Event "Slovakian-ch Youth 2022"]
[Site "Lubovna"]
[Date "2022.05.24"]
[Round "5.13"]
[White "Kostelansky, Karol"]
[Black "Svorad Tomas"]
[Result "1-0"]
[ECO "B34"]
[WhiteElo "1821"]
[BlackElo "1405"]
[Annotator "NA RC COMBH"]
[PlyCount "67"]
[EventDate "2022.05.22"]
[EventCountry "SVK"]
[SourceTitle "playchess.com"]
[Source "ChessBase"]
[SourceQuality "1"]
[TimeControl "40/5400+30:1800+30"]

1. e4 c5 2. Nc3 Nc6 3. Nge2 g6 4. d4 cxd4 5. Nxd4 Bg7 6. Nde2 Nf6 7. g3 b5 8. Bg2 Rb8 {[%emt 0:00:16] 8...b4 is more advanced technology.} 9. O-O O-O 10. Rb1 d6 11. Nd5 Nd7 {[%emt 0:04:31] [#]} 12. Be3 $146 ({Predecessor:} 12. h3 b4 13. Be3 a5 14. Re1 Ba6 15. Qd2 Re8 16. Kh2 Rc8 17. Red1 Nce5 18. b3 {0-1 (41) Hansen,T (2323)-Roiz,M (2599) Cappelle la Grande 2006}) 12... a5 13. Nd4 Nxd4 14. Bxd4 b4 15. Bxg7 Kxg7 16. f4 Nb6 17. Qd4+ Kg8 18. Rbe1 Re8 19. Kh1 Nxd5 20. exd5 Qc7 21. Rf2 Bf5 22. Be4 Qc5 23. Qxc5 Bxe4+ 24. Rxe4 dxc5 25. c4 bxc3 26. bxc3 Rb1+ 27. Kg2 Rc1 28. d6 f5 $18 (28... Rxc3 $11 29. d7 (29. dxe7 f5 $11) (29. Rxe7 Rxe7 30. dxe7 Re3 $11) 29... Rd8) 29. d7 Rd8 30. Rxe7 Kf8 31. Rfe2 Rc2 32. Re8+ Kf7 33. Rxc2 Rxd7 34. Ra8 1-0

[Event "Slovakian-ch Youth 2022"]
[Site "Lubovna"]
[Date "2022.05.24"]
[Round "5.14"]
[White "Kostura, Daniel"]
[Black "Marcin, Richard"]
[Result "1-0"]
[ECO "B01"]
[WhiteElo "1510"]
[BlackElo "1325"]
[Annotator "NA RC COMBH"]
[PlyCount "69"]
[EventDate "2022.05.22"]
[EventCountry "SVK"]
[SourceTitle "playchess.com"]
[Source "ChessBase"]
[SourceQuality "1"]
[TimeControl "40/5400+30:1800+30"]

1. e4 d5 2. exd5 Nf6 3. d4 Nxd5 4. c4 Nf6 5. Nc3 e6 6. Nf3 Bb4 7. Bg5 Nbd7 8. Bd3 h6 9. Bh4 c5 10. O-O Bxc3 11. bxc3 Qa5 12. Qc2 b6 13. d5 O-O 14. Rfe1 exd5 15. cxd5 Nxd5 16. Be4 Bb7 17. Rad1 c4 18. Qd2 f5 19. Bxd5+ Bxd5 20. Qxd5+ Qxd5 21. Rxd5 Nc5 22. Be7 Ne4 23. Bxf8 Nxc3 24. Rxf5 Nxa2 25. Re2 Rd8 26. g3 Nc3 27. Rc2 Rd1+ 28. Kg2 Na2 29. Rxc4 Rb1 30. Ra4 a5 31. Rxa2 Rc1 32. Rb5 Rc6 33. Rab2 Kxf8 34. Rxb6 Rc4 35. Ra6 1-0

[Event "Slovakian-ch Youth 2022"]
[Site "Lubovna"]
[Date "2022.05.24"]
[Round "5.14"]
[White "Kluska, Lukas"]
[Black "Valchev, Martin V"]
[Result "1-0"]
[ECO "A28"]
[WhiteElo "1215"]
[BlackElo "1193"]
[Annotator "NA RC COMBH"]
[PlyCount "125"]
[EventDate "2022.05.22"]
[EventCountry "SVK"]
[SourceTitle "playchess.com"]
[Source "ChessBase"]
[SourceQuality "1"]
[TimeControl "40/5400+30:1800+30"]

1. c4 e5 2. Nc3 Nc6 3. Nf3 Nf6 4. e3 Bb4 5. a3 Bxc3 6. bxc3 d6 7. Be2 Be6 8. d4 O-O 9. d5 e4 10. Nd2 Nxd5 11. cxd5 Bxd5 12. c4 Be6 13. Nxe4 d5 14. cxd5 Bxd5 15. Bf3 Re8 16. Ng3 Qf6 17. Rb1 Bxf3 18. Qxf3 Rad8 19. Qxf6 gxf6 20. Rxb7 Nd4 21. O-O Nc6 22. Nh5 Re6 23. Nf4 Re7 24. Bb2 Kg7 25. h3 a5 26. Rc1 Rd6 27. Ne2 Nd8 28. Rbxc7 Rxc7 29. Rxc7 Rd2 30. Bxf6+ Kxf6 31. Ng3 Rd1+ 32. Kh2 Ne6 33. Ra7 Rd5 34. Ne4+ Kf5 35. f3 Kg6 36. Ra8 f5 37. Rg8+ Ng7 38. Ng3 Rd3 39. e4 fxe4 40. Nxe4 Kf7 41. Ra8 Rxa3 42. Ra7+ Kg6 43. Kg3 h5 44. Ra6+ Kf7 45. Kf4 Ra2 46. g4 hxg4 47. hxg4 Ra4 48. Ke5 Ne8 49. f4 Ra1 50. g5 a4 51. f5 a3 52. Ra7+ Kg8 53. f6 Kf8 54. f7 Ng7 55. g6 Rf1 56. Ra8+ Ke7 57. Ra7+ Kf8 58. Nf6 Re1+ 59. Kd4 Nf5+ 60. Kd5 Ne7+ 61. Kd6 Nxg6 62. Nh7+ Kg7 63. f8=Q# 1-0

[Event "Slovakian-ch Youth 2022"]
[Site "Lubovna"]
[Date "2022.05.24"]
[Round "5.15"]
[White "Skreko, Igor"]
[Black "Compel, Daniel"]
[Result "1/2-1/2"]
[ECO "E36"]
[WhiteElo "2065"]
[BlackElo "2106"]
[Annotator "TA"]
[PlyCount "160"]
[EventDate "2022.05.22"]
[EventCountry "SVK"]
[SourceTitle "playchess.com"]
[Source "ChessBase"]
[SourceQuality "1"]
[TimeControl "40/5400+30:1800+30"]

1. d4 Nf6 2. c4 e6 3. Nc3 Bb4 4. Qc2 O-O 5. a3 Bxc3+ 6. Qxc3 d5 $1 {[%emt 0:00:03][%mdl 4] now scores much better than the old 6...b6.} 7. g3 {[%emt 0:01:26] E36: Nimzo-Indian: Classical: 4...d5 5 a3.} (7. Nf3 $11) 7... b6 (7... c5 $5) 8. Bg2 Bb7 9. e3 (9. Bg5 $11) 9... Nbd7 {[%emt 0:00:19] [#]} 10. Ne2 $146 (10. b4 Rb8 11. Ne2 Qe7 12. a4 Rfc8 13. a5 dxc4 14. Bxb7 Rxb7 15. a6 Rbb8 16. Qxc4) ({Predecessor:} 10. b4 Rb8 11. Ne2 Qe7 12. a4 Rfc8 13. a5 dxc4 14. Bxb7 Rxb7 15. a6 Rbb8 16. Qxc4 {1-0 (32) Citra,A-Cojoaca,V Amara 2007}) 10... Rc8 11. O-O c5 12. cxd5 Nxd5 13. Qd2 cxd4 (13... Qc7 $5 ) 14. Nxd4 Nc5 15. b4 Na4 16. Bb2 Nxb2 17. Qxb2 Qe7 18. Rac1 Nf6 19. Nc6 Bxc6 20. Bxc6 Rc7 21. Rfd1 Rfc8 22. b5 Nd7 23. h4 Nc5 24. Rc4 Rd8 25. Rxd8+ Qxd8 26. Rd4 {[%emt 0:00:47][%cal Rd4d8] [#]} Qf6 27. Qd2 {[%emt 0:01:55] Threatening mate with Rd8+.} Rc8 {[%emt 0:00:11] Prevents Rd8+. Strongly threatening ...Nb3.} 28. Qd1 {[%emt 0:00:32] Against Nb3} h6 29. Kg2 Kh7 30. Qf3 Qxf3+ 31. Kxf3 $11 {[%emt 0:00:35][%mdl 4096] Endgame KRB-KRN} Kg8 32. a4 Kf8 33. a5 ({White should play} 33. Be4 $11) 33... Nb3 34. Rd7 {[%emt 0:00:27] [#] Black must now prevent a6.} Nxa5 35. Be4 Rc5 36. Bd3 Nc4 37. Rxa7 Ne5+ 38. Ke2 Nxd3 39. Kxd3 Rxb5 $17 {[%emt 0:00:10] KR-KR} 40. Rb7 Rb2 41. f3 Rg2 42. g4 g6 43. Rxb6 Rh2 (43... Rf2) 44. Ke4 Rxh4 45. Kf4 Rh3 46. e4 Kg7 47. Ke3 Rh2 48. Kf4 Ra2 49. Rb5 Ra8 50. Kg3 Kf6 51. Rc5 Rh8 52. Kh4 Kg7 53. Ra5 Re8 54. Kg3 Rf8 55. Ra7 Kg8 56. Ra6 Rc8 57. Kf4 Rc7 58. Rb6 Kg7 59. Ra6 Kf6 60. Ra5 Re7 61. Kg3 e5 62. Kh4 Re6 63. Ra7 Rb6 64. Ra8 Rb3 65. Ra6+ Kg7 66. Kg3 h5 (66... Rd3 $15) 67. gxh5 $11 {[%emt 0:00:00] The position is equal.} gxh5 68. Ra5 Kf6 69. Ra8 Kg7 70. Ra5 f6 71. Ra7+ Kg6 72. Ra8 Rb7 73. Kh4 Rh7 74. Rg8+ Kf7 75. Ra8 $1 Rh6 76. Ra7+ Ke6 77. Ra6+ Kd7 78. Rb6 Kc7 79. Ra6 Kb7 80. Rd6 Kc7 {[%emt 0:00:00] Weighted Error Value: White=0.09 (flawless) /Black=0.06 (flawless)} 1/2-1/2

[Event "Slovakian-ch Youth 2022"]
[Site "Lubovna"]
[Date "2022.05.24"]
[Round "5.15"]
[White "Kurimsky, Kristian"]
[Black "Rybovic, Alex"]
[Result "0-1"]
[ECO "D00"]
[WhiteElo "1006"]
[BlackElo "1000"]
[Annotator "NA COMBH"]
[PlyCount "67"]
[EventDate "2022.05.22"]
[EventCountry "SVK"]
[SourceTitle "playchess.com"]
[Source "ChessBase"]
[SourceQuality "1"]
[TimeControl "40/5400+30:1800+30"]

1. d4 d5 2. Bf4 Nc6 3. Nf3 Bf5 4. e3 e6 5. Bd3 Bb4+ 6. c3 Bxd3 7. Qxd3 Bd6 8. Bg3 Nf6 9. Nbd2 O-O 10. h4 Bxg3 11. fxg3 Qe8 12. O-O-O e5 13. Rde1 e4 14. Qe2 exf3 15. Qxf3 Ne4 16. h5 h6 17. Rh4 Nxc3 18. bxc3 Qe7 19. Kd1 Qd7 20. Rf1 g5 21. Rg4 f5 22. Rxg5+ hxg5 23. h6 g4 24. Qf4 Rf7 25. Qg5+ Kh7 26. Ke2 Rg8 27. Qf4 Ne7 28. Rh1 Ng6 29. Qf1 Ne7 30. Qc1 Rg6 31. c4 Rxh6 32. Rxh6+ Kxh6 33. Qc2 dxc4 34. Qxc4 0-1

[Event "Slovakian-ch Youth 2022"]
[Site "Lubovna"]
[Date "2022.05.24"]
[Round "5.16"]
[White "Sandor, Samuel"]
[Black "Rak, Martin"]
[Result "1/2-1/2"]
[ECO "D00"]
[WhiteElo "2054"]
[BlackElo "1849"]
[Annotator "TA"]
[PlyCount "43"]
[EventDate "2022.05.22"]
[EventCountry "SVK"]
[SourceTitle "playchess.com"]
[Source "ChessBase"]
[SourceQuality "1"]
[TimeControl "40/5400+30:1800+30"]

1. d4 Nf6 2. Bf4 e6 3. e3 c5 4. c3 d5 5. Nd2 Bd6 6. Bg3 {[%emt 0:00:09] D00: 1 d4 d5: Unusual lines.} O-O 7. Bd3 Qc7 $1 {[%emt 0:00:56][%mdl 4] outshines the older 7...Nc6.} 8. Rc1 {[%emt 0:03:40] [#] The position is equal.} c4 $146 ({Predecessor:} 8... e5 9. dxe5 Bxe5 10. Ngf3 Bxg3 11. hxg3 h6 12. c4 d4 13. exd4 cxd4 14. Nxd4 Qe5+ {0-1 (50) Ostrovskiy,A (2425)-Osmak,I (2438) Chess.com INT 2020}) 9. Bc2 Nbd7 10. f4 b5 11. Ngf3 Bb7 12. O-O Ne4 13. Ne5 f5 (13... Nb6 {looks sharper.} 14. Qh5 f6 15. Nxe4 dxe4 16. Ng4 Bc6) 14. Nxe4 dxe4 15. Nxd7 Qxd7 16. b3 Bd5 17. Be1 Rfb8 18. Rf2 {[%emt 0:02:57] Black is slightly better.} a5 19. Rb1 Rb7 20. g4 Kh8 21. Rg2 Rab8 22. h3 {[%emt 0:03:00] Weighted Error Value: White=0.08 (flawless) /Black=0.08 (flawless)} 1/2-1/2

[Event "Slovakian-ch Youth 2022"]
[Site "Lubovna"]
[Date "2022.05.24"]
[Round "5.16"]
[White "Horvath, Simon"]
[Black "Kakus, Oliver"]
[Result "1-0"]
[ECO "B02"]
[WhiteElo "1343"]
[BlackElo "1000"]
[Annotator "NA RC COMBH"]
[PlyCount "59"]
[EventDate "2022.05.22"]
[EventCountry "SVK"]
[SourceTitle "playchess.com"]
[Source "ChessBase"]
[SourceQuality "1"]
[TimeControl "40/5400+30:1800+30"]

1. e4 Nf6 2. Nc3 Nc6 3. Nf3 d5 4. exd5 Nb4 5. Bc4 Bf5 6. d3 Qd6 7. Nb5 Qb6 8. Be3 Qa5 9. Bd2 O-O-O 10. a3 Nfxd5 11. axb4 Qb6 12. O-O a6 13. Nc3 Nxb4 14. Na4 Qd6 15. Bxb4 Qxb4 16. Qd2 Qd6 17. Nc3 Qg6 18. Nh4 Qf6 19. Nxf5 Qxf5 20. h3 Rd6 21. Rae1 e6 22. Re2 Kd7 23. Rfe1 Rb6 24. Na4 Bb4 25. Nxb6+ cxb6 26. Qxb4 a5 27. Qxb6 Rb8 28. Qb5+ Ke7 29. Qxf5 g6 30. Rxe6+ 1-0

[Event "Slovakian-ch Youth 2022"]
[Site "Lubovna"]
[Date "2022.05.24"]
[Round "5.17"]
[White "Salgovic, Simon"]
[Black "Koska, Jiri"]
[Result "1-0"]
[ECO "C42"]
[WhiteElo "2091"]
[BlackElo "1759"]
[Annotator "TA"]
[PlyCount "95"]
[EventDate "2022.05.22"]
[EventCountry "SVK"]
[SourceTitle "playchess.com"]
[Source "ChessBase"]
[SourceQuality "1"]
[TimeControl "40/5400+30:1800+30"]

1. e4 e5 2. Nf3 Nf6 3. Nxe5 d6 4. Nf3 Nxe4 5. Nc3 Nxc3 6. dxc3 Be7 7. Be3 Nc6 8. Qd2 Be6 9. O-O-O {[%emt 0:01:57] C42: Petroff Defence: 3 Nxe5 and unusual White 3rd moves.} Qd7 (9... Bxa2 $2 10. b3 $18) 10. Kb1 O-O-O 11. Bb5 {[%emt 0:00:58] White is slightly better.} a6 12. Ba4 Bf6 {[%emt 0:08:08] [#]} 13. Nd4 $146 ({Predecessor:} 13. Bd4 Bxd4 14. cxd4 Bd5 15. Qg5 f5 16. Rhe1 Rhe8 17. Bxc6 Qxc6 18. Qxf5+ Kb8 19. Qd3 {½-½ (25) Belov,V (2598)-Belozerov,A (2518) Tomsk 2006}) 13... Bxd4 14. cxd4 d5 15. Qc3 Qd6 16. Bxc6 Qxc6 17. Qxc6 bxc6 18. Rd3 Kd7 19. Ra3 Ra8 $1 20. Ra5 Rhb8 21. a4 Rb4 22. b3 Rbb8 23. Rd1 Bf5 24. Kb2 Rb6 25. Re1 Rbb8 26. Rc5 Rb6 27. Bd2 Be6 ({Black should try} 27... Rbb8 $1 $14) 28. Re3 $16 {[%emt 0:01:24] White is more active.} Kd6 29. Rec3 Ra7 30. a5 Rb5 31. Rxc6+ Kd7 32. Bf4 Rxa5 33. Rxc7+ Rxc7 34. Rxc7+ $18 {[%emt 0:00:25][%mdl 4096] Endgame KRB-KRB} Ke8 (34... Kd8 $142 35. Ra7 Rb5 36. Rxa6 Bc8) 35. Bd2 Rb5 36. Rc6 a5 37. Ra6 Ke7 38. Rxa5 ({Better is} 38. Ka3 $18) 38... Rxa5 $16 39. Bxa5 $18 {[%emt 0:00:08] KB-KB} Kd6 40. Ka3 Kd7 41. Kb4 {[%emt 0:00:43] Black must now prevent Kb5.} Bf5 42. c4 {[%emt 0:00:12][%cal Bc2c4,Bc4c5,Bc5c6][%mdl 32] [#] Threatens to win with Kc5.} Bd3 $2 {[%emt 0:02:02] Black cannot hold the game after this.} (42... Kc6 $16 43. Kc3 Bc8) 43. Kc5 Ke6 $2 (43... dxc4 44. bxc4 h5) 44. Kc6 {[%emt 0:01:24] White is clearly winning.} Bf5 45. c5 Ke7 46. Kxd5 Kd7 47. c6+ Kc8 48. Kc5 {[%emt 0:00:15] Weighted Error Value: White=0.09 (flawless) /Black=0.24 (precise)} 1-0

[Event "Slovakian-ch Youth 2022"]
[Site "Lubovna"]
[Date "2022.05.24"]
[Round "5.18"]
[White "Lovcican, Tomas"]
[Black "Janik, Marek Tobias"]
[Result "1/2-1/2"]
[ECO "A01"]
[WhiteElo "2024"]
[BlackElo "1840"]
[Annotator "TA"]
[PlyCount "53"]
[EventDate "2022.05.22"]
[EventCountry "SVK"]
[SourceTitle "playchess.com"]
[Source "ChessBase"]
[SourceQuality "1"]
[TimeControl "40/5400+30:1800+30"]

1. b3 e5 2. Bb2 Nc6 3. e3 Nf6 4. Bb5 Bd6 5. Nf3 Qe7 (5... e4 $5 6. Nd4 O-O $15) 6. Be2 {[%emt 0:06:41] A01: Nimzowitsch-Larsen Opening.} O-O {[%emt 0:03:26] [#]} 7. d4 $146 ({Predecessor:} 7. d3 Bb4+ 8. c3 Ba5 9. b4 Bb6 10. Nbd2 d6 11. h3 a6 12. a3 h6 13. Qc2 {0-1 (55) Lomakina,G (2070)-Uryupin,I (2301) Tambov 2016}) 7... exd4 8. Nxd4 Nxd4 9. Bxd4 c5 10. Bb2 Be5 11. Bxe5 Qxe5 12. Nd2 d5 13. O-O Be6 14. c4 Rad8 15. cxd5 Bxd5 16. Qc2 Ne4 {[%emt 0:17:10] [#] ...Nxd2 is the strong threat.} 17. Nf3 Qf6 18. Bd3 Rfe8 19. Rac1 b6 20. Rfd1 g6 21. Bb5 Re6 22. Rxd5 Rxd5 23. Bc4 Rdd6 {[%emt 0:00:23] Hoping for ...Re7.} (23... Rd8 $5 24. Bxe6 Qxe6 $15) 24. Bxe6 Qxe6 {[%emt 0:00:07] The position is equal.} 25. Rd1 Rxd1+ 26. Qxd1 Qd6 27. Qxd6 {[%emt 0:00:33] Weighted Error Value: White=0.05 (flawless) /Black=0.03 (flawless)} 1/2-1/2

[Event "Slovakian-ch Youth 2022"]
[Site "Lubovna"]
[Date "2022.05.24"]
[Round "5.19"]
[White "Paluska, Karol"]
[Black "Rakovsky, Jakub"]
[Result "1-0"]
[ECO "A80"]
[WhiteElo "2006"]
[BlackElo "1888"]
[Annotator "TA"]
[PlyCount "41"]
[EventDate "2022.05.22"]
[EventCountry "SVK"]
[SourceTitle "playchess.com"]
[Source "ChessBase"]
[SourceQuality "1"]
[TimeControl "40/5400+30:1800+30"]

1. d4 f5 2. Qd3 d5 3. Bf4 Nf6 4. Nf3 e6 5. c4 c5 6. e3 {[%emt 0:06:11] [#] A80: Dutch Defence: Unusual White second moves.} Qb6 $146 (6... cxd4 $14 7. exd4 Bd6 8. Bxd6 Qxd6) ({Predecessor:} 6... Nc6 7. Nc3 cxd4 8. Nxd4 Bc5 9. cxd5 Nxd5 10. Nxd5 exd5 11. Nxc6 bxc6 12. Qc3 Qe7 {½-½ (21) Ruether,R (2328)-Bucinskas,V (2317) ICCF email 2014}) 7. Qc2 (7. Nc3 $16) 7... Nc6 $11 8. Be5 {[%emt 0:07:39] The position is equal.} Nxe5 9. dxe5 Ne4 10. Nc3 d4 11. Nxe4 fxe4 12. Qxe4 (12. Nd2 $14) 12... Qxb2 13. Rd1 Bd7 (13... Qc3+ $1 $11 {should be considered.} 14. Rd2 (14. Nd2 dxe3 15. Qxe3 Qxe3+ 16. fxe3 Be7 $11) 14... Qc1+ 15. Rd1 Qc3+ 16. Rd2 (16. Nd2 dxe3 17. fxe3 Be7 $11) 16... Qc1+ 17. Rd1 Qc3+) 14. Bd3 $1 $14 {[%emt 0:01:34] [#] Hoping for 0-0.} Qc3+ $1 15. Ke2 dxe3 $2 (15... O-O-O $11) 16. Qxb7 $18 {[%emt 0:01:44] Threatening mate with Bg6+.} Rd8 17. fxe3 Be7 18. Qe4 Qa5 ({Not} 18... Ba4 19. Rd2) (18... Bc8 $142 19. Rd2 Qb4) 19. Rhf1 {[%emt 0:01:52][%cal Of3g5] [#] Black must now prevent Ng5! Active counter play!} Qxa2+ $2 (19... Bc8 {is tougher.} 20. Ne1 Rd7) 20. Nd2 {[%emt 0:00:36][%cal Oe4g6] White threatens Qg6+! and mate.} Rb8 (20... Rc8 $142 21. Ra1 Qb2) 21. Ra1 {[%emt 0:01:39] Weighted Error Value: White=0.17 (very precise) /Black=0.58} 1-0

[Event "Slovakian-ch Youth 2022"]
[Site "Lubovna"]
[Date "2022.05.24"]
[Round "5.20"]
[White "Orgon, Patrik"]
[Black "Horvath, Marek"]
[Result "1/2-1/2"]
[ECO "B12"]
[WhiteElo "1721"]
[BlackElo "1801"]
[Annotator "NA RC COMBH"]
[PlyCount "57"]
[EventDate "2022.05.22"]
[EventCountry "SVK"]
[SourceTitle "playchess.com"]
[Source "ChessBase"]
[SourceQuality "1"]
[TimeControl "40/5400+30:1800+30"]

1. e4 c6 2. d4 d5 3. e5 Bf5 4. Nc3 e6 5. g4 Bg6 6. Nge2 c5 7. Nf4 Nc6 8. Be3 Bxc2 9. Qd2 Bg6 10. h4 cxd4 11. Bxd4 Be4 12. Rh3 h6 13. Nxe4 dxe4 14. O-O-O Qxd4 15. Qxd4 Nxd4 16. Rxd4 Rc8+ 17. Kd1 Ne7 18. Nh5 Nd5 19. Bb5+ Ke7 20. Rxe4 g6 21. Ng3 Bg7 22. Ne2 h5 23. g5 Rhd8 24. Bd3 Kf8 25. Rf3 Kg8 26. Kd2 Bf8 27. a3 Rc7 28. Nf4 Ne7 29. Ng2 1/2-1/2

[Event "Slovakian-ch Youth 2022"]
[Site "Lubovna"]
[Date "2022.05.24"]
[Round "5.21"]
[White "Sevcik, Matej"]
[Black "Havalda, Samuel"]
[Result "1-0"]
[ECO "A29"]
[WhiteElo "1820"]
[BlackElo "1465"]
[Annotator "NA RC COMBH"]
[PlyCount "86"]
[EventDate "2022.05.22"]
[EventCountry "SVK"]
[SourceTitle "playchess.com"]
[Source "ChessBase"]
[SourceQuality "1"]
[TimeControl "40/5400+30:1800+30"]

1. c4 e5 2. g3 Nf6 3. Bg2 d5 4. cxd5 Nxd5 5. Nf3 Nc6 6. O-O Nb6 7. Nc3 Be6 8. d3 f6 9. Be3 Qd7 10. Ne4 O-O-O 11. Rc1 Kb8 12. Bc5 Bd5 13. Nfd2 f5 14. Bxf8 fxe4 15. dxe4 Be6 16. Rxc6 bxc6 17. Bb4 Nc4 18. Qa4 c5 19. Qxd7 Rxd7 20. Nxc4 Bxc4 21. Bxc5 Bxe2 22. Re1 Rd2 23. Bh3 Rhd8 24. Kg2 g5 25. Be6 g4 26. Bd5 Bf3+ 27. Kg1 c6 28. Be7 Rd7 29. Bb4 Rxb2 30. Bc3 Rc2 31. Rb1+ Rb7 32. Bxe5+ Kc8 33. Be6+ Kd8 34. Bf6+ Ke8 35. Bb3 Bxe4 36. Re1 Rd2 37. Rxe4+ Kf8 38. Rxg4 Rf7 39. Rf4 Re2 40. Bg7+ Kxg7 41. Rxf7+ Kg6 42. Rxa7 Re1+ $18 43. Kg2 Rg1+ 1-0

[Event "Slovakian-ch Youth 2022"]
[Site "Lubovna"]
[Date "2022.05.24"]
[Round "5.22"]
[White "Papp, Gabor"]
[Black "Jurky, Marian"]
[Result "0-1"]
[ECO "A40"]
[WhiteElo "2564"]
[BlackElo "1689"]
[Annotator "TA"]
[PlyCount "34"]
[EventDate "2022.05.22"]
[EventCountry "SVK"]
[SourceTitle "playchess.com"]
[Source "ChessBase"]
[SourceQuality "1"]
[TimeControl "40/5400+30:1800+30"]

1. d4 b6 2. c4 Bb7 3. Nc3 e6 4. e4 Bb4 5. Qc2 Qh4 6. Bd3 {[%emt 0:05:27] Black should prevent Nf3.} Bxc3+ {[%emt 0:01:49] A40: Unusual replies to 1 d4.} 7. bxc3 ({Reject} 7. Qxc3 Bxe4 8. g3 Qg4 $11) 7... f5 $1 8. d5 ({Of course not} 8. Nf3 Qg4 9. Bf1 Qxe4+ 10. Qxe4 fxe4 $15) (8. g3 $5 Qh5 9. f3 $11) 8... fxe4 {[%emt 0:00:25] Black is slightly better.} 9. Bxe4 {[%emt 0:00:58] [#] Nf3 is the strong threat.} Nf6 10. Bd3 exd5 11. Nf3 Qg4 {[%emt 0:02:08] [#]} 12. Bf5 $146 (12. O-O $1 $11) ({Predecessor:} 12. Qe2+ Qe6 13. Be3 O-O 14. O-O dxc4 15. Bxc4 d5 16. Bb3 Ba6 17. c4 dxc4 18. Bc2 {0-1 (38) Sidabras,I (1731)-Armonaitis,S (2087) Klaipeda 2015}) 12... Qxc4 $17 ({Much weaker is} 12... Qxg2 $6 13. Qe2+ Ne4 14. Rg1 Qxf2+ 15. Qxf2 Nxf2 16. Kxf2 $14) 13. Ne5 Qc5 {[%emt 0:02:25] Threatens to win with ...Qe7.} 14. Bg6+ $2 {[%emt 0:18:43] [#]} hxg6 $19 15. Qxg6+ Kd8 16. Qxg7 $2 (16. O-O Re8 17. Bg5) 16... Qxc3+ 17. Kf1 Ba6+ {[%emt 0:00:32] White got outplayed after the opening.  Weighted Error Value: White=1.51/Black=0.02 (flawless)} 0-1

[Event "Slovakian-ch Youth 2022"]
[Site "Lubovna"]
[Date "2022.05.24"]
[Round "5.23"]
[White "Lakota, Jan"]
[Black "Baron, Patrik"]
[Result "0-1"]
[ECO "B13"]
[WhiteElo "1488"]
[BlackElo "1740"]
[Annotator "NA COMBH"]
[PlyCount "66"]
[EventDate "2022.05.22"]
[EventCountry "SVK"]
[SourceTitle "playchess.com"]
[Source "ChessBase"]
[SourceQuality "1"]
[TimeControl "40/5400+30:1800+30"]

1. e4 c6 2. d4 d5 3. exd5 cxd5 4. c4 Nf6 5. Nf3 g6 6. c5 Bg7 7. Bd3 Nc6 8. Nc3 O-O 9. Be3 e6 10. a3 a6 11. b4 Re8 12. O-O e5 13. Be2 exd4 14. Nxd4 Ne4 15. Nxe4 Rxe4 16. Nxc6 bxc6 17. Bf3 Bg4 18. Bxg4 Bxa1 19. Bf3 Rxe3 20. fxe3 Be5 21. Qe1 f5 22. Qf2 Qe7 23. Re1 Kg7 24. h3 Qg5 25. Rb1 Bg3 26. Qd2 Re8 27. Qd4+ Kf7 28. Rb3 Be5 29. Qd3 Qg3 30. Qxa6 Qe1+ 31. Qf1 Bh2+ 32. Kxh2 Qxf1 33. a4 Qc4 0-1

[Event "Slovakian-ch Youth 2022"]
[Site "Lubovna"]
[Date "2022.05.24"]
[Round "5.24"]
[White "Volanek, Maros"]
[Black "Sustek, Adam"]
[Result "1/2-1/2"]
[ECO "C01"]
[WhiteElo "1458"]
[BlackElo "1636"]
[Annotator "NA RC COMBH"]
[PlyCount "44"]
[EventDate "2022.05.22"]
[EventCountry "SVK"]
[SourceTitle "playchess.com"]
[Source "ChessBase"]
[SourceQuality "1"]
[TimeControl "40/5400+30:1800+30"]

1. e4 e6 2. d4 d5 3. Bd3 Nf6 4. e5 Nfd7 5. f4 c5 6. c3 b6 7. Nf3 Ba6 8. Bxa6 Nxa6 9. O-O Be7 10. Be3 O-O 11. a3 Nab8 12. Nbd2 Nc6 13. Rc1 c4 14. Rf2 b5 15. g4 f6 16. f5 fxe5 17. fxe6 e4 18. exd7 exf3 19. Nxf3 Qxd7 20. h3 Rac8 21. Qd2 Rce8 22. Ne5 h5 1/2-1/2

[Event "Slovakian-ch Youth 2022"]
[Site "Lubovna"]
[Date "2022.05.24"]
[Round "5.25"]
[White "Ondrejcak Gregor"]
[Black "Klimek Martin"]
[Result "0-1"]
[ECO "B02"]
[WhiteElo "1000"]
[BlackElo "1418"]
[Annotator "NA RC COMBH"]
[PlyCount "48"]
[EventDate "2022.05.22"]
[EventCountry "SVK"]
[SourceTitle "playchess.com"]
[Source "ChessBase"]
[SourceQuality "1"]
[TimeControl "40/5400+30:1800+30"]

1. e4 d5 2. exd5 Nf6 3. Nc3 Nxd5 4. Qf3 Nb6 5. d3 Nc6 6. Be3 e5 7. O-O-O Be6 8. g3 Nd5 9. Qe2 Nxc3 10. bxc3 Qd5 11. f3 Qxa2 12. Kd2 Nb4 13. Ke1 Nxc2+ 14. Kf2 Nxe3 15. Kxe3 Qxe2+ 16. Kxe2 O-O-O 17. Ke1 Bc5 18. Ne2 Bb3 19. Rb1 Bc2 20. Rb5 b6 21. Bh3+ Kb8 22. Kf1 Rxd3 23. Kg2 Rd2 24. Re1 Bd3 0-1

[Event "Slovakian-ch Youth 2022"]
[Site "Lubovna"]
[Date "2022.05.24"]
[Round "5.26"]
[White "Vojtas Marek"]
[Black "Filo, David"]
[Result "1-0"]
[ECO "B13"]
[WhiteElo "1000"]
[BlackElo "1653"]
[Annotator "NA RC COMBH"]
[PlyCount "51"]
[EventDate "2022.05.22"]
[EventCountry "SVK"]
[SourceTitle "playchess.com"]
[Source "ChessBase"]
[SourceQuality "1"]
[TimeControl "40/5400+30:1800+30"]

1. e4 c6 2. d4 d5 3. exd5 cxd5 4. Bd3 Nc6 5. c3 Nf6 6. Nf3 Bg4 7. O-O e6 8. h3 Bxf3 9. Qxf3 Bd6 10. Re1 Qb6 11. Nd2 O-O 12. Nb3 Na5 13. Nxa5 Qxa5 14. Bg5 Be7 15. Re5 Qc7 16. h4 Bd6 17. Bxf6 Bxe5 18. Bxe5 Qe7 19. Qg3 f6 20. Bd6 Qf7 21. Bxf8 Rxf8 22. c4 Qd7 23. h5 Kh8 24. Rc1 dxc4 25. Rxc4 Rf7 26. Qb8+ 1-0

[Event "Slovakian-ch Youth 2022"]
[Site "Lubovna"]
[Date "2022.05.24"]
[Round "5.27"]
[White "Dvorak, Alfred"]
[Black "Durovka, Marek"]
[Result "0-1"]
[ECO "B23"]
[WhiteElo "1239"]
[BlackElo "1827"]
[Annotator "NA RC COMBH"]
[PlyCount "100"]
[EventDate "2022.05.22"]
[EventCountry "SVK"]
[SourceTitle "playchess.com"]
[Source "ChessBase"]
[SourceQuality "1"]
[TimeControl "40/5400+30:1800+30"]

1. e4 c5 2. Nc3 Nc6 3. Bb5 Nd4 4. Bc4 e6 5. Nge2 g6 6. Nxd4 cxd4 7. Nb5 Qb6 8. Qf3 a6 9. Na3 Bg7 10. d3 Qb4+ 11. Ke2 Ne7 12. Re1 O-O 13. Bb3 b5 14. Bf4 Bb7 15. Qg3 Nc8 16. h4 Qc5 17. Qh3 a5 18. g4 h6 19. h5 g5 20. Bc1 a4 21. f4 f6 22. f5 axb3 23. cxb3 exf5 24. exf5 Nb6 25. Bd2 Rfe8+ 26. Kf2 b4 27. Nc4 Nxc4 28. bxc4 Bf8 29. b3 Bd6 30. Qf1 Qc7 31. Qh3 Bf4 32. Bxf4 Qxf4+ 33. Kg1 Bf3 $19 (33... Re3 $142 34. Rxe3 dxe3 35. Qh2 Qd4 36. Qe2 Qxa1+ 37. Qf1 Rxa2 38. Qxa1 Rxa1+ 39. Kh2 e2 40. Kh3 Rh1+ 41. Kg3 e1=Q#) 34. Rf1 Qxg4+ 35. Qxg4 Bxg4 36. Rae1 Be2 37. Rf2 Bxd3 38. Rd1 Re3 39. Rfd2 Be2 40. Rc1 d3 41. c5 Bf3 42. Rc4 Rb8 43. Rd4 Bc6 44. R2xd3 Rxd3 45. Rxd3 Rb5 46. Rd4 Rxc5 47. Rxb4 Rc1+ 48. Kf2 Rc2+ 49. Ke3 Rxa2 50. Rb8+ Kf7 0-1